AoeStats
← Gim

African Clearing

506126954Analyzed
4v4 RM · 19d ago on Sep 12, 2026· 84m 31s· 8 players
Game mode
Random Map
Map size
Large (8 player)
Population
200
Speed
Normal
Resources
Standard
Victory
Conquest
Starting age
Dark Age
Ending age
Imperial Age
RankedLock teamsTeams togetherTeam positionsShared explorationLock speedFull tech treeHidden civsTurbo modeCheats
Victory
Defeat
🇦🇺 Persians · Australia
1265
+16
1255
+16
🇻🇳 Spanish · Vietnam
1255
+16
🇨🇳 Magyars · China
1242
+17
🇨🇳 Franks · China
1295
-18
🇵🇱 Magyars · Poland
1258
-16
🇯🇴 Khitans · Jordan
1248
-16
🇺🇾 Huns · Uruguay
1228
-15
Súc Vật Du Phong
6:06 Loom
14:20 Feudal Age
19:42 Castle Age
18:01 Double-Bit Axe
21:27 Gold Mining
23:26 Horse Collar
25:03 Husbandry
29:59 Wheelbarrow
32:01 Bloodlines
31:58 Scale Barding Armor
34:30 Hand Cart
37:34 Imperial Age
35:52 Stone Mining
37:41 Chain Barding Armor
37:32 Forging
37:39 Cavalier
39:10 Plate Barding Armor
39:13 Conscription
41:34 Iron Casting
44:52 Blast Furnace
44:20 Paladin
50:35 Scale Mail Armor
55:18 Town Watch
58:11 Bow Saw
59:28 Stone Shaft Mining
60:10 Two-Man Saw
59:59 Chain Mail Armor
64:13 Elite Conquistador
65:53 Light Cavalry
67:41 Hussar
76:58 Heavy Plow
79:03 Pikeman
79:45 Squires
79:32 Arson
80:21 Plate Mail Armor
79:41 Fletching
79:40 Halberdier
A Bá
3:51 Loom
14:43 Feudal Age
19:27 Castle Age
17:46 Double-Bit Axe
19:10 Gold Mining
25:45 Fervor
28:06 Horse Collar
32:57 Husbandry
33:52 Stone Mining
35:07 Wheelbarrow
35:08 Bow Saw
35:51 Bloodlines
37:08 Hand Cart
38:21 Heavy Plow
41:41 Imperial Age
39:32 Forging
39:27 Scale Barding Armor
41:19 Cavalier
42:26 Chain Barding Armor
42:38 Herbal Medicine
43:05 Conscription
43:53 Gold Shaft Mining
43:29 Savar
45:40 Iron Casting
45:42 Plate Barding Armor
46:50 Iron Casting
50:28 Blast Furnace
50:07 Masonry
50:58 Chemistry
50:49 Light Cavalry
52:09 Town Watch
53:54 Fletching
53:35 Pikeman
54:15 Squires
54:17 Scale Mail Armor
55:03 Citadels
54:55 Halberdier
56:08 Chain Mail Armor
59:10 Plate Mail Armor
58:35 Hussar
62:15 Stone Shaft Mining
62:30 Bodkin Arrow
69:41 Ballistics
69:52 Architecture
78:59 Arson
79:42 Murder Holes
81:46 Caravan
商鞅知马力比干见人心
6:35 Loom
12:57 Feudal Age
13:02 Man-at-Arms
16:08 Double-Bit Axe
18:18 Arson
18:51 Fletching
20:32 Wheelbarrow
21:11 Scale Mail Armor
21:55 Horse Collar
25:29 Castle Age
25:02 Stone Mining
31:48 Hand Cart
34:42 Town Watch
36:53 Bow Saw
41:57 Forging
47:37 Imperial Age
45:46 Heavy Plow
45:38 Gold Mining
47:35 Iron Casting
47:05 Scale Barding Armor
47:04 Treadmill Crane
47:45 Husbandry
47:56 Bloodlines
48:31 Farimba
48:52 Conscription
47:56 Light Cavalry
48:10 Heavy Camel Rider
50:25 Chemistry
50:45 Chain Barding Armor
51:40 Crop Rotation
56:06 Elite Gbeto
57:07 Chain Mail Armor
59:01 Squires
59:38 Plate Mail Armor
66:50 Tigui
隔壁王老爷
11:48 Loom
13:55 Feudal Age
15:41 Double-Bit Axe
17:08 Wheelbarrow
20:49 Bloodlines
27:24 Castle Age
29:14 Hand Cart
34:44 Scale Barding Armor
37:54 Horse Collar
52:14 Husbandry
52:49 Chain Barding Armor
52:32 Padded Archer Armor
52:22 Fletching
55:27 Pikeman
56:10 Scale Mail Armor
55:57 Light Cavalry
56:50 Thumb Ring
58:59 Bodkin Arrow
61:58 Caravan
63:54 Ballistics
63:52 Leather Archer Armor
67:25 Town Watch
72:26 Imperial Age
70:38 Elite Skirmisher
72:12 Bow Saw
73:00 Town Patrol
74:09 Parthian Tactics
74:54 Two-Man Saw
74:18 Heavy Plow
74:27 Bracer
75:02 Plate Barding Armor
75:04 Ring Archer Armor
75:46 Heavy Cavalry Archer
78:48 Plate Barding Armor
82:54 Chemistry
81:39 Treadmill Crane
82:05 Siege Engineers
82:12 Masonry
jkeR.!
5:59 Loom
8:25 Loom
13:33 Feudal Age
19:34 Castle Age
28:25 Wheelbarrow
28:58 Fletching
32:00 Horse Collar
33:04 Bodkin Arrow
33:03 Double-Bit Axe
34:31 Corvinian Army
35:01 Heavy Plow
35:12 Bow Saw
35:00 Gold Mining
37:02 Ballistics
39:09 Gold Shaft Mining
42:13 Imperial Age
41:27 Hand Cart
45:13 Conscription
44:42 Treadmill Crane
46:04 Chemistry
45:06 Bracer
45:07 Padded Archer Armor
46:18 Thumb Ring
46:56 Parthian Tactics
47:42 Stone Mining
47:26 Heavy Cavalry Archer
48:27 Caravan
48:57 Coinage
48:43 Recurve Bow
50:19 Crop Rotation
50:52 Two-Man Saw
49:21 Elite Magyar Huszar
51:17 Leather Archer Armor
51:11 Siege Engineers
50:58 Guard Tower
52:18 Scale Mail Armor
60:33 Scale Barding Armor
70:13 Chain Barding Armor
Sir_FatLion
4:18 Loom
14:17 Feudal Age
19:07 Castle Age
17:21 Double-Bit Axe
19:00 Fletching
19:06 Domestication
20:14 Bodkin Arrow
22:03 Padded Archer Armor
23:26 Leather Archer Armor
26:30 Husbandry
28:20 Thumb Ring
30:06 Wheelbarrow
31:39 Heavy Cavalry Archer
34:48 Ballistics
40:05 Hand Cart
40:35 Bow Saw
40:27 Pastoralism
43:53 Imperial Age
43:39 Scale Mail Armor
43:50 Forging
45:49 Lamellar Armor
46:34 Bracer
46:50 Chain Mail Armor
47:24 Squires
47:10 Arson
47:10 Gambesons
48:32 Conscription
47:33 Elite Liao Dao
49:05 Plate Mail Armor
49:34 Pikeman
51:08 Iron Casting
51:07 Ring Archer Armor
52:16 Elite Fire Lancer
56:01 Pikeman
Gim
9:34 Loom
9:38 Loom
11:52 Feudal Age
12:47 Double-Bit Axe
19:48 Castle Age
18:32 Scale Barding Armor
28:54 Fletching
41:44 Wheelbarrow
46:04 Imperial Age
44:40 Chain Barding Armor
45:39 Forging
48:59 Imperial Age
47:48 Husbandry
49:15 Cavalier
57:38 Cavalier
60:54 Hand Cart
68:54 Pikeman
69:35 Squires
70:08 Scale Mail Armor
70:44 Iron Casting
73:34 Chain Mail Armor
76:09 Coinage
75:25 Halberdier
78:32 Bow Saw
78:16 Gold Mining
78:17 Stone Mining
80:02 Capped Ram
81:29 Light Cavalry
83:51 Conscription
Kroyen
12:54 Feudal Age
15:40 Loom
16:01 Fletching
16:51 Padded Archer Armor
21:06 Loom
24:04 Castle Age
22:23 Double-Bit Axe
24:31 Crossbowman
25:54 Bodkin Arrow
35:57 Town Watch
36:48 Wheelbarrow
36:07 Gold Mining
36:04 Horse Collar
37:26 Pikeman
39:38 Ballistics
43:38 Imperial Age
42:13 Thumb Ring
44:13 Leather Archer Armor
44:24 Bracer
44:41 Scale Barding Armor
44:46 Forging
45:54 Bloodlines
45:45 Husbandry
46:29 Cavalier
48:37 Chain Barding Armor
48:53 Iron Casting
49:36 Iron Casting
49:49 Halberdier
50:27 Paladin
55:43 Scale Mail Armor
56:44 Blast Furnace
58:28 Chain Mail Armor
60:19 Town Patrol
60:34 Hand Cart
61:03 Squires
60:48 Arson
74:57 Plate Barding Armor
74:27 Light Cavalry
75:31 Hussar
83:51 Bow Saw
84:17 Gold Shaft Mining
83:42 Heavy Plow
Connection lost

Rejoining the realm…

Still unreachable

The connection could not be restored.

Session expired

The server has moved on; the page needs a fresh start.